 Dungeon Crawl Stone Soup version 0.17.1-3-g152610e (webtiles) character file.

1089 senseless the Purveyor of Pain (level 8, 0/51 (54) HPs)
             Began as a Demonspawn Necromancer on Mar 15, 2016.
             Was an Initiate of Kikubaaqudgha.
             Slain by a hound zombie (2 damage)
             ... on level 6 of the Dungeon on Apr 16, 2016.
             The game lasted 00:35:17 (5959 turns).

senseless the Purveyor of Pain (DsNe)               Turns: 5959, Time: 00:35:18

HP:   0/51 (54)     AC:  5    Str:  8    XL:     8   Next: 9%
MP:   16/16         EV: 13    Int: 19    God:    Kikubaaqudgha [......]
Gold: 206           SH:  0    Dex: 14    Spells: 4 memorised, 8 levels left

rFire  . . .     SeeInvis .     D - +2 dagger (drain)
rCold  . . .     Clarity  .     a - +0 robe
rNeg   . . .     SustAt   .     (no shield)
rPois  .         Gourm    .     (helmet restricted)
rElec  .         Spirit   .     (no cloak)
rCorr  .         Warding  .     o - +2 pair of gloves
rMut   .         Stasis   +     (no boots)
MR     .....                    i - amulet of stasis
Stlth  ++........               E - ring of wizardry
                                x - ring of invisibility

@: drained, not resistant to hostile enchantments, unstealthy
A: claws 2, hooves 1, horns 2
a: Renounce Religion, Evoke Invisibility


You were on level 6 of the Dungeon.
You worshipped Kikubaaqudgha.
Kikubaaqudgha was noncommittal.
You were not hungry.

You visited 2 branches of the dungeon, and saw 7 of its levels.

You collected 206 gold pieces.

Inventory:

Hand Weapons
 j - a cursed -1 flail
 D - a +2 dagger of draining (weapon)
Missiles
 m - 11 tomahawks (quivered)
Armour
 a - a +0 robe (worn)
 o - a +2 pair of gloves (worn)
Jewellery
 i - an amulet of stasis (around neck)
 r - an uncursed amulet of rage
 x - a ring of invisibility (left hand)
 E - a ring of wizardry (right hand)
Scrolls
 d - a scroll of fear
 f - a scroll of identify
 g - 2 scrolls of remove curse
 h - a scroll of enchant armour
 n - a scroll of amnesia
 q - 3 scrolls of noise {unknown}
 u - a scroll of fog {unknown}
 y - a scroll of recharging
Potions
 e - a potion of might
 k - a potion of curing
 l - 2 potions of magic
 p - 4 potions of heal wounds
 v - a potion of haste {unknown}
Books
 b - a book of Necromancy

   Spells                             Type                      Level
   a - Pain                           Necromancy                   1
   b - Animate Skeleton               Necromancy                   1
   c - Vampiric Draining              Necromancy                   3
   d - Regeneration                   Charms/Necromancy            3
   e - Animate Dead                   Necromancy                   4
   f - Control Undead                 Necromancy                   4
Comestibles
 c - 5 bread rations
 s - 5 fruits
 t - a royal jelly


   Skills:
 + Level 1.6(1.2) Fighting
 + Level 1.2(0.8) Short Blades
 + Level 3.7(3.3) Dodging
 + Level 2.9(2.5) Stealth
 + Level 5.7(5.2) Spellcasting
 + Level 7.3(6.9) Necromancy


You had 8 spell levels left.
You knew the following spells:

 Your Spells              Type           Power        Failure   Level  Hunger
a - Pain                  Necr           ####         1%          1    None
b - Animate Skeleton      Necr           N/A          1%          1    None
c - Animate Dead          Necr           N/A          4%          4    ####...
d - Control Undead        Necr           ####......   4%          4    ####...


Dungeon Overview and Level Annotations

Branches:
Dungeon (6/15)             Temple (1/1) D:5

Altars:
Dithmenos
Elyvilon
Kikubaaqudgha
Makhleb
Okawaru
Qazlal
Ru
Trog
Vehumet
Xom
Yredelemnul
Zin
The Shining One

Shops:
D:5 %


Innate Abilities, Weirdness & Mutations

You have very sharp fingernails.
You have large cloven feet.
You have a pair of horns on your head.


Message History

Something tries to affect you, but you resist.
You hit the necrophage.
You destroy the necrophage!
The hound zombie misses you.
You barely miss the hound zombie. You headbutt the hound zombie.
Something hits you but does no damage. The hound zombie barely misses you.
You hit the hound zombie. Your kick misses the hound zombie.
Something hits you.
* * * LOW HITPOINT WARNING * * *
The hound zombie barely misses you.
You barely miss the hound zombie. The hound zombie closely misses you.
Something hits you.
* * * LOW HITPOINT WARNING * * *
You hit something but do no damage. You kick something.
The hound zombie bites you but does no damage.
Something hits you but does no damage.
You closely miss something. Your kick misses something. You headbutt something.
The hound zombie bites you.
You die...
Kikubaaqudgha rasps: "You have failed me!
Welcome... death!"

.!...#o..#.#..
....Z..o...#.#
....#.#.........#
..?.............
..............# ##
# .........##..#
..#..
#.......##..##.....
.
#....#.Z@.........
. #...#.{).........
.####....)..)....#.
.#........###....#
######.##...#.##
.###
#......#....### #
#.....<..#
###......#
##......#


You could see a hound zombie.

Vanquished Creatures
  The ghost of Sehdowjr the Magician, an amateur DEWz (D:4)
  A necrophage (D:6)
  2 centaurs (D:5)
  A scorpion (D:5)
  A wight (D:6)
  A crimson imp (D:5)
  A giant frog zombie (D:5)
  4 orc priests
  2 orc wizards (D:4)
  A centaur skeleton (D:5)
  Ijyb (D:3)
  A hound (D:3)
  An iguana (D:5)
  A hound skeleton (D:6)
  2 gnolls (D:4)
  8 adders
  An ooze (D:2)
  A worm (D:2)
  4 giant geckos
  12 orcs
  8 bats
  4 giant cockroaches
  3 hobgoblins
  2 quokkas
  2 ball pythons (D:2)
  A giant newt (D:3)
  7 goblins
  9 jackals
  8 kobolds
  6 rats
97 creatures vanquished.

Vanquished Creatures (collateral kills)
  2 wights (D:6)
  A giant frog skeleton (D:5)
  A jelly (D:5)
  An iguana (D:5)
  2 orcs (D:4)
  A jackal (D:4)
  A kobold (D:2)
9 creatures vanquished.

Grand Total: 106 creatures vanquished

Notes
Turn   | Place    | Note
--------------------------------------------------------------
     0 | D:1      | senseless the Demonspawn Necromancer began the quest for the Orb.
     0 | D:1      | Reached XP level 1. HP: 13/13 MP: 3/3
    12 | D:1      | Learned a level 1 spell: Animate Skeleton
   361 | D:1      | Gained mutation: You have sharp fingernails. [demonic ancestry]
   361 | D:1      | Reached XP level 2. HP: 16/19 MP: 3/5
   832 | D:1      | Reached skill level 5 in Necromancy
   992 | D:2      | Gained mutation: You have a pair of small horns on your head. [demonic ancestry]
   992 | D:2      | Reached XP level 3. HP: 17/25 MP: 2/6
  1869 | D:2      | Reached XP level 4. HP: 26/31 MP: 2/8
  2023 | D:3      | Noticed Ijyb
  2033 | D:3      | Killed Ijyb
  2657 | D:3      | Gained mutation: You have a pair of horns on your head. [demonic ancestry]
  2657 | D:3      | Reached XP level 5. HP: 33/36 MP: 6/10
  2837 | D:3      | Learned a level 4 spell: Animate Dead
  2842 | D:3      | Learned a level 4 spell: Control Undead
  2855 | D:4      | Noticed Sehdowjr's ghost (amateur DEWz)
  3737 | D:4      | Reached skill level 6 in Necromancy
  3737 | D:4      | Reached XP level 6. HP: 37/42 MP: 7/12
  3775 | D:4      | Killed Sehdowjr's ghost
  4073 | D:5      | Entered Level 5 of the Dungeon
  4197 | D:5      | Found Ucseg's Food Boutique.
  4203 | D:5      | Reached skill level 5 in Spellcasting
  4203 | D:5      | Gained mutation: You have large cloven feet. [demonic ancestry]
  4203 | D:5      | Reached XP level 7. HP: 26/47 MP: 14/14
  4739 | D:5      | Reached skill level 1 in Fighting
  4748 | D:5      | Reached skill level 7 in Necromancy
  5029 | D:5      | Reached skill level 1 in Short Blades
  5640 | D:5      | Found a staircase to the Ecumenical Temple.
  5649 | Temple   | Entered the Ecumenical Temple
  5660 | Temple   | Became a worshipper of Kikubaaqudgha
  5927 | D:6      | Gained mutation: You have very sharp fingernails. [demonic ancestry]
  5927 | D:6      | Reached XP level 8. HP: 29/54 MP: 13/16
  5957 | D:6      | HP: 2/51 [something (3)]
  5959 | D:6      | Slain by a hound zombie

Action                   |  1- 3 |  4- 6 |  7- 9 || total
-------------------------+-------+-------+-------++-------
Melee: Unarmed           |    22 |     3 |       ||    25
       Dagger            |       |    36 |   120 ||   156
 Cast: Pain              |    72 |    82 |    20 ||   174
       Animate Skeleton  |    10 |     4 |       ||    14
       Animate Dead      |       |     7 |     6 ||    13
       Control Undead    |       |     3 |     1 ||     4
  Use: Scroll            |     1 |    14 |       ||    15
       Potion            |       |     3 |       ||     3
 Stab: Sleeping          |       |       |     3 ||     3
  Eat: Chunk             |     4 |       |     1 ||     5
       Bread ration      |       |     1 |     1 ||     2
       Meat ration       |       |     1 |       ||     1
